Map: Abiogenesis LE

Players

Infamous

  • Race: Protoss Protoss
  • League: Gold
  • Spawn Location: 11:00

itLiesWithin - Winner!

  • Race: Zerg Zerg
  • League: Platinum
  • Spawn Location: 5:00

VOD

Have the link to the VOD?

Description

Time

  • Played on: April 23, 2018, 10:37 a.m.
  • Length: 5:34
Show
View Real Time Build Order
Export as new Build Order

Infamous Protoss 

Build Orders: 1 Gate Expand 

Get SALT Encoding   

  12  0:01  Probe  
  13  0:13  Probe  
  14  0:25  Pylon  
  14  0:27  Probe  
  15  0:40  Probe  
  15  0:43  Gateway  
  15  0:48  Probe  
  16  0:56  Assimilator  
  17  0:57  Probe  
  18  1:09  Gateway  
  18  1:11  Probe  
  19  1:25  Probe  
  20  1:37  Probe  
  21  1:43  Nexus  
  21  1:53  Cybernetics Core  
  21  1:58  Probe  
  22  2:11  Assimilator  
  22  2:15  Pylon  
  22  2:25  Zealot  
  22  2:31  Warp Gate  
  24  2:57  Probe x2, Stalker  
  26  3:06  Stalker  
  26  3:09  Probe  
  26  3:11  Probe  
  32  3:22  Probe  
  32  3:25  Stargate  
  32  3:26  Probe  
  33  3:33  Stalker  
  35  3:47  Stalker  
  37  3:56  Pylon  
  37  4:00  Pylon  
  35  4:04  Stalker  
  31  4:44  Pylon  
  31  4:46  Pylon  
  31  4:50  Probe x2, Assimilator  
  37  5:09  Pylon  
Show
View Real Time Build Order
Export as new Build Order

itLiesWithin Zerg - Winner!

Build Orders: Pool First 

Get SALT Encoding   

  12  0:01  Drone  
  13  0:08  Drone  
  14  0:16  Extractor  
  14  0:17  Drone  
  15  0:34  Spawning Pool  
  14  0:38  Overlord  
  14  0:58  Drone x3  
  17  1:10  Drone  
  18  1:22  Hatchery  
  17  1:26  Extractor, Drone  
  17  1:34  Queen  
  19  1:45  Drone x2  
  19  1:46  Extractor  
  20  1:56  Drone  
  21  2:06  Roach Warren  
  21  2:07  Drone  
  21  2:18  Drone  
  22  2:31  Overlord  
  22  2:54  Roach x2  
  22  2:55  Roach x4  
  34  3:04  Roach  
  36  3:06  Overlord  
  36  3:15  Overlord  
  36  3:23  Queen  
  38  3:34  Drone x3  
  40  3:35  Drone x2  
  43  3:43  Zergling x4  
  43  3:46  Zergling x2  
  40  4:21  Zergling x12  
  40  4:22  Zergling x4  
  46  4:37  Roach x2  
  50  4:56  Drone x2  
  50  4:58  Overlord x2  
Tags
 
Add a new tag
Caveats
  • Supply blocks, unpowered buildings, or Contaminate may cause inaccurate times.
  • Supply counts are checked every 10 seconds.